Unix NetHack Version 3.7.0-97 Work-in-progress - last build Jan 28 2024 04:41:54 (eae211b052f4c4d875b52ed558e44d2f93f0896c,branch:master). Game began 2024-01-30 11:41:05, ended 2024-01-30 12:55:35. mmj, chaotic female elven Wizard -------------+- --------.--- |......[[.....-###[#### ----------########...........| |.....)_....*.| #### |........-# |..........| |........).)..| #----- #.........| |..........| |......`.......# ###...{| #|........| +..........| |....*........|# # #|...| #|......... -.---------- ---.-----------# # #|...| #|.......:| # ## # # #-.-.- #---------- # # # # ################# # ## # # ## # ## # # # ----|- ## # # # # ########## # |.....################### # ### ## ### ##---|----.---- |.<..| #################### # # ### |...........| |....-#############-------# ----.----# # |...........| ------ #-.....|# |.......|# # ............| |.{...-a |.......-# # |...........| |..>..| @###........| # ------------- ------- $ |....>...##### --------- Mmj the Thaumaturge St:13 Dx:14 Co:15 In:17 Wi:14 Ch:10 Chaotic Dlvl:2 $:496 HP:0(59) Pw:102(132) AC:10 Xp:9/4123 T:11490 Burdened Latest messages: The gnome shoots an arrow! You are hit by an arrow! The gnome shoots an arrow! You are hit by an arrow. You climb up the stairs. Where do you want to travel to? (For instructions type a '?') You climb up the stairs. You are bare handed. E - an uncursed athame named Magicbane (alternate weapon; not wielded). What do you want to wield? [- afEOX or ?*] O O - an uncursed pick-axe (weapon in left hand). You start digging. You hit the rock with all your might. You make an opening in the wall. You start digging. You hit the rock with all your might. You succeed in cutting away some rock. You start digging. You hit the rock with all your might. You hear water falling on coins. You succeed in cutting away some rock. You start digging. You hit the rock with all your might. You succeed in cutting away some rock. You hit the giant ant. The giant ant bites! The giant ant bites! You miss the giant ant. The giant ant bites! The giant ant bites! The giant ant bites! You hit the giant ant. The giant ant bites! E - an uncursed athame named Magicbane (weapon in left hand). O - an uncursed pick-axe (alternate weapon; not wielded). The giant ant bites! The giant ant bites! The magic-absorbing blade scares the giant ant! You kill the giant ant! The magic-absorbing blade stuns the giant ant! The giant ant bites! The giant ant bites! You kill the giant ant! The giant ant bites! The giant ant bites! The giant ant bites! You die... Do you want your possessions identified? [ynq] (y) y Do you want to see your attributes? [ynq] (y) q Inventory: Coins $ - 496 gold pieces Amulets L - an uncursed amulet versus poison (being worn) Weapons E - the rustproof +0 Magicbane (weapon in left hand) f - the rustproof +0 Mjollnir a - a blessed +3 quarterstaff X - a +0 silver saber Armor W - a cursed rustproof +2 pair of gauntlets of power b - an uncursed thoroughly rotted +0 cloak of magic resistance (being worn) Comestibles p - a cursed slime mold P - 2 cursed bananas i - an uncursed partly eaten food ration Scrolls T - an uncursed scroll of create monster u - an uncursed scroll of destroy armor A - 2 cursed scrolls of enchant weapon R - a cursed scroll of food detection U - an uncursed scroll of genocide Z - an uncursed scroll of magic mapping Q - an uncursed scroll of taming V - an uncursed scroll of teleportation Spellbooks x - an uncursed spellbook of confuse monster m - an uncursed spellbook of cure blindness q - an uncursed spellbook of drain life l - a blessed spellbook of force bolt v - a blessed spellbook of polymorph B - a cursed spellbook of stone to flesh Potions Y - an uncursed potion of fruit juice s - a cursed potion of fruit juice K - an uncursed potion of sickness g - a potion of holy water N - 2 uncursed potions of water j - 3 potions of unholy water Rings M - a cursed ring of aggravate monster e - an uncursed ring of invisibility C - an uncursed ring of poison resistance F - a cursed ring of polymorph D - a cursed ring of regeneration t - a cursed ring of slow digestion (on right hand) r - a cursed ring of sustain ability d - an uncursed ring of teleport control Wands k - a wand of create monster (0:6) c - a wand of light (0:14) h - a wand of magic missile (0:2) y - a wand of magic missile (0:1) w - a wand of secret door detection (0:8) H - a cursed wand of sleep (0:4) G - a cursed wand of speed monster (0:4) z - a wand of striking (0:4) Tools o - an uncursed wooden harp n - a magic marker (0:20) I - a cursed magic marker (0:22) O - a +0 pick-axe (alternate weapon; not wielded) S - an uncursed skeleton key Mmj the Wizard's attributes: Background: You were a Thaumaturge, a level 9 female elven Wizard. You were chaotic, on a mission for Anhur who was opposed by Ptah (lawful) and Thoth (neutral). You were left-handed. You were in the Dungeons of Doom, on level 2. You entered the dungeon 11490 turns ago. You had 4123 experience points, 997 more were needed to attain level 10. Basics: You had 0 out of 59 hit points. You had 102 out of 132 energy points (spell power). Your armor class was 10. Your wallet contained 496 zorkmids. Autopickup was on for '$' plus thrown. Final Characteristics: Your strength was 13 (limit:18). Your dexterity was 14 (limit:18). Your constitution was 15 (limit:16). Your intelligence was 17 (limit:20). Your wisdom was 14 (limit:20). Your charisma was 10 (limit:18). Final Status: You weren't hungry. You were burdened; movement was slightly slowed. You were wielding a dagger. You were skilled in dagger. Final Attributes: You were piously aligned. You were magic-protected. You were sleep resistant. You were poison resistant. You were telepathic. You had infravision. You had slower digestion. You were warded. You are dead. Miscellaneous: You encountered 1 bones level. Total elapsed playing time was 1 hour, 14 minutes and 28 seconds. Major events: Turn 1: mmj the chaotic female elven Wizard entered the dungeon 1193: attained the rank of Conjurer (level 3) 5837: attained the rank of Thaumaturge (level 6) 6097: was bestowed with Magicbane by Anhur 6962: entered the Gnomish Mines 9759: reached Mine Town 9996: found Mjollnir carried by a monster 10448: destroyed lurchy's ghost, the former Thaumaturge 11071: destroyed roisto's ghost, the former Fighter 11490: killed by a giant ant Vanquished creatures: 2 ghosts a small mimic a tengu a giant beetle a spotted jelly 2 leprechauns a gnome ruler 4 brown puddings an owlbear a lizard a dog a dwarf leader a blue jelly a dust vortex a snake a human zombie a rope golem 2 soldier ants a wood nymph a mountain nymph 10 Uruk-hai a rock mole 3 ponies 8 fog clouds a shrieker a violet fungus 7 gnome leaders a kobold mummy 2 elf zombies 6 giant ants 4 floating eyes 2 kittens 8 dwarves a kobold leader a kobold shaman 3 hill orcs 6 rothes 3 centipedes a giant bat an orc zombie 2 dwarf zombies 2 wererats 7 iguanas 3 acid blobs 8 coyotes 5 hobbits 2 hobgoblins 9 giant rats 3 cave spiders 2 brown molds a yellow mold 3 green molds 2 red molds 26 gnomes 6 garter snakes a gnome zombie 10 geckos 17 jackals 4 foxes a kobold 2 goblins 4 sewer rats 17 grid bugs 5 bats 10 lichens 7 kobold zombies 14 newts 269 creatures vanquished. No species were genocided or became extinct. Voluntary challenges: You read items or engraved 22 times. You engraved Elbereth 7 times. You never genocided any monsters. You never polymorphed an object. You used no wishes. Achievements: You attained the rank of Conjurer. You attained the rank of Thaumaturge. You entered the Gnomish Mines. You entered Minetown. You entered a shop. You entered a temple. The Dungeons of Doom: levels 1 to 5 Level 1: Level 2: <- You were here. An altar to Anhur, some fountains. Stairs down to The Gnomish Mines. Final resting place for you, killed by a giant ant. Level 3: Some fountains. Level 4: An altar to Anhur. Level 5: The Gnomish Mines: levels 3 to 6 Level 3: Level 4: Level 5: Level 6: A delicatessen, a temple and an altar, a fountain, a sink. Final resting place for lurchy-Wiz-Elf-Mal-Cha, killed by a rope golem, roisto-Val-Hum-Fem-Law, killed by a watchman. Game over: ---------- / \ / REST \ / IN \ / PEACE \ / \ | mmj | | 496 Au | | killed by a | | giant ant | | | | | | 2024 | *| * * * | * _________)/\\_//(\/(/\)/\//\/|_)_______ Goodbye mmj the Wizard... You died in The Dungeons of Doom on dungeon level 2 with 10893 points, and 496 pieces of gold, after 11490 moves. You were level 9 with a maximum of 59 hit points when you died.